 Dungeon Crawl Stone Soup version 0.24.0-1-gfbc8707122 (console) character file.

Game seed: 4549890659744095630, levelgen mode: deterministic

90 AlterAsc the Caller (level 4, -1/31 HPs)
             Began as a Vampire Summoner on Oct 26, 2019.
             Killed from afar by a white imp (3 damage)
             ... with a puff of frost
             ... summoned by Natasha
             ... on level 3 of the Dungeon.
             The game lasted 00:13:46 (1859 turns).

AlterAsc the Caller (Vampire Summoner)              Turns: 1859, Time: 00:13:47

Health: -1/31      AC:  4    Str:  7    XL:     4   Next: 32%
Magic:  3/8        EV: 13    Int: 18    God:
Gold:   63         SH:  0    Dex: 14    Spells: 5/8 levels left

rFire    . . .     SeeInvis +   c - +0 short sword
rCold    . . .     Gourm    .   (no shield)
rNeg     . . .     Faith    .   a - +0 robe
rPois    .         Spirit   .   g - +0 helmet (curse)
rElec    .         Reflect  .   (no cloak)
rCorr    .         Harm     .   (no gloves)
MR       .....                  v - +0 pair of boots
Stlth    +++.......             s - amulet of regeneration
HPRegen  0.70/turn              (no ring)
MPRegen  0.11/turn              (no ring)

@: regenerating quickly, slowed, very slow
A: no food, fangs 3, see invisible, unbreathing
a: Exsanguinate


You were on level 3 of the Dungeon.
You were alive.

You visited 1 branch of the dungeon, and saw 3 of its levels.

You collected 63 gold pieces.

Inventory:

Hand Weapons
 b - a +0 dagger
 c - a +0 short sword (weapon)
Missiles
 e - 23 poisoned darts (quivered)
 l - 12 bolts
 m - 47 arrows
 p - 89 stones
Armour
 a - a +0 robe (worn)
 g - a cursed +0 helmet (worn)
 h - a +0 scale mail
 r - a +0 buckler
 v - a +0 pair of boots (worn)
 y - a +0 robe
Jewellery
 q - an uncursed ring of poison resistance {unknown}
 s - an amulet of regeneration (around neck)
Scrolls
 d - 4 scrolls of remove curse {unknown}
 f - 2 scrolls of teleportation {unknown}
 n - a scroll of fear {unknown}
 u - a scroll of noise {unknown}
 w - 2 scrolls of identify {unknown}
Potions
 i - 2 potions of flight {unknown}
 j - 2 potions of curing {unknown}
 o - a potion of haste {unknown}
 t - a potion of might {unknown}
 x - a potion of heal wounds {unknown}
 z - a potion of degeneration {unknown}
 A - a potion of resistance {unknown}
Comestibles
 k - 6 rations


   Skills:
 + Level 0.8 Fighting
 + Level 3.1 Dodging
 - Level 4.0 Stealth
 + Level 2.7 Spellcasting
 + Level 4.5 Summonings


You had 5 spell levels left.
You knew the following spells:

 Your Spells              Type           Power        Failure   Level  Hunger
a - Summon Small Mammal   Summ           ###.         2%          1    N/A
b - Call Imp              Summ           ###.....     4%          2    N/A

Your spell library contained the following spells:

 Spells                   Type           Power        Failure   Level  Hunger
 Call Canine Familiar     Summ           ###.....     8%          3    N/A
 Summon Guardian Golem    Hex/Summ       ##......     21%         3    N/A
 Summon Ice Beast         Ice/Summ       ##......     54%         4    N/A
 Summon Lightning Spire   Summ/Air       ##......     54%         4    N/A

Dungeon Overview and Level Annotations

Branches:
Dungeon (3/15)

Altars:
Vehumet

Annotations:
D:3 Natasha


Innate Abilities, Weirdness & Mutations

You do not eat.
Your natural rate of healing is unusually fast.
You have razor-sharp teeth.
You have supernaturally acute eyesight. (SInv)
You can survive without breathing.


Message History

You feel as though you will be slow longer.
Natasha mumbles some strange words.
Natasha mumbles some strange words.
Your crimson imp closely misses Natasha.
Your crimson imp barely misses Natasha.
The white imp gestures at you. The puff of frost hits you!
* * * LOW HITPOINT WARNING * * *
The white imp barely misses you.
Your crimson imp closely misses Natasha.
Okay, then.
The white imp puffs mist at you. The white imp closely misses you.
The white imp closely misses you. The white imp gestures at you.
The puff of frost hits you!
* * * LOW HITPOINT WARNING * * *
The white imp gestures at you. The puff of frost hits you.
You die...

#.......# #....
#.##.##.# #5#.#
#.##.##.# #.#.#
#.##.##5# #5#.5
#.##.##.# #5###
#5......# #.#
####.####
#########.#
#.########.5h..55..#
#5#..@.55#.#########
#5#.####h.#.##
#5#.#....###.#
#.....##..#5##
###.####.#.##
#......### ########


You could see Natasha and 2 white imps.

Vanquished Creatures
  A hobgoblin (D:1)
  A kobold (D:1)
  A rat (D:1)
3 creatures vanquished.

Vanquished Creatures (collateral kills)
  2 jellies (D:2)
  An adder (D:3)
  8 oozes
  A worm (D:2)
  2 dart slugs
  4 goblins
  4 hobgoblins
  13 kobolds
  A quokka (D:2)
  3 bats
  10 rats
49 creatures vanquished.

Vanquished Creatures (others)
  A scorpion (D:2)
  10 toadstools (D:2)
11 creatures vanquished.

Grand Total: 63 creatures vanquished

Notes
Turn   | Place    | Note
-------+----------+-------------------------------------------
     0 | D:1      | AlterAsc the Vampire Summoner began the quest for the Orb.
     0 | D:1      | Reached XP level 1. HP: 13/13 MP: 3/3
   250 | D:1      | Reached XP level 2. HP: 16/19 MP: 0/5
   254 | D:1      | Learned a level 2 spell: Call Imp
   734 | D:2      | Killed a scorpion
   853 | D:2      | Found a radiant altar of Vehumet.
  1091 | D:2      | Reached XP level 3. HP: 21/24 MP: 0/6
  1243 | D:2      | Reached XP level 4. HP: 23/31 MP: 1/8
  1795 | D:3      | Noticed Natasha
  1858 | D:3      | HP: 1/31 [white imp/puff of frost[Natasha] (8)]
  1859 | D:3      | Killed from afar by a white imp

Levels and vault maps discovered:
D:1:      lemuel_arrival_lava_pool, layout_rooms
D:2:      cheibrodos_fertilizer, layout_basic, fiery_altar_vehumet,
          chequers_serial_rivers_micro_e
D:3:      layout_loops_cross, first_ration, kennysheep_generic_room_13,
          uniq_natasha

Skill      XL: |  1  2  3 |
---------------+----------+-----
Stealth        | 4 |  4.0
Dodging        | 3 |  3.1
Fighting       | |  0.8
Spellcasting   | |  2.7
Summonings     | |  4.5

Action                   |  1- 3 |  4- 6 || total
-------------------------+-------+-------++-------
Melee: Short sword       |     7 |     3 ||    10
       Bite              |       |     1 ||     1
Throw: Dart              |     5 |       ||     5
 Cast: Summon Small Mamm |    21 |       ||    21
       Call Imp          |    28 |    10 ||    38
 Stab: Sleeping          |     1 |       ||     1
Armor: Robe              |    10 |     1 ||    11
Dodge: Dodged            |    59 |    15 ||    74
